[Event "FRA-ch Youth U14W 2019"]
[Site "Hyeres"]
[Date "2019.04.14"]
[Round "1.1"]
[White "Sumarriva Paulin, Laura"]
[Black "Nabet, Hasnaa"]
[Result "1-0"]
[ECO "D13"]
[WhiteElo "1922"]
[BlackElo "1254"]
[Annotator "NA"]
[PlyCount "65"]
[EventDate "2019.04.14"]
[EventType "swiss"]
[EventCountry "FRA"]
[SourceTitle "playchess.com"]
[Source "ChessBase"]
[SourceQuality "1"]
[TimeControl "5400+30"]

1. d4 d5 2. c4 c6 3. cxd5 cxd5 4. Bf4 Nf6 5. Nc3 Nc6 6. e3 a6 7. Bd3 e6 8. Rc1 Be7 9. Nf3 Bd7 10. O-O O-O 11. a3 Nh5 12. Be5 f6 13. Bg3 Nxg3 14. hxg3 f5 15. Na4 Rf6 16. Nc5 Rb8 17. b4 Rh6 18. Qe2 Qe8 19. b5 axb5 20. Bxb5 b6 21. Nxd7 Qxd7 22. Bxc6 Qa7 23. a4 Bd6 24. Ne5 Bxe5 25. dxe5 Qe7 26. Rc2 Qg5 27. Bd7 Qg6 28. Rfc1 Kf7 29. Rc7 Rd8 30. Bxe6+ Kf8 31. Rf7+ Ke8 32. Qb5+ Rd7 33. Qxd7# 1-0

[Event "FRA-ch Youth U14W 2019"]
[Site "Hyeres"]
[Date "2019.04.14"]
[Round "1.2"]
[White "Le Boulicaut, Annaelle"]
[Black "Nguyen, Thao Nhi"]
[Result "0-1"]
[ECO "B02"]
[WhiteElo "1253"]
[BlackElo "1803"]
[Annotator "NA"]
[PlyCount "136"]
[EventDate "2019.04.14"]
[EventType "swiss"]
[EventCountry "FRA"]
[SourceTitle "playchess.com"]
[Source "ChessBase"]
[SourceQuality "1"]
[TimeControl "5400+30"]

1. e4 Nf6 2. Nc3 d5 3. exd5 Nxd5 4. Nf3 Bg4 5. Bc4 e6 6. d4 Be7 7. Bxd5 exd5 8. O-O O-O 9. Bf4 c6 10. Qd3 Nd7 11. Rfe1 Re8 12. h3 Bxf3 13. Qxf3 Qb6 14. Rad1 Bf6 15. Rxe8+ Rxe8 16. Na4 Qb4 17. Nc3 Bxd4 18. a3 Qc4 19. Qg4 Nf6 20. Qg3 Nh5 21. Qf3 Bxc3 22. Qxh5 Bxb2 23. Qf3 Qxc2 24. Rd2 Qb1+ 25. Rd1 Qe4 26. Qg3 Bf6 27. Be3 d4 28. Bg5 Be5 29. Qb3 Bd6 30. Rf1 Qe5 31. f4 Qe3+ 32. Qxe3 dxe3 33. Re1 e2 34. Kf2 Bc5+ 35. Kf3 Re3+ 36. Kf2 f6 37. Bh4 Rxh3+ 38. Kxe2 Rxh4 39. Kf3 Kf7 40. a4 Rh5 41. Rd1 Rd5 42. Rb1 Bb6 43. g3 Rd3+ 44. Kg4 Ra3 45. Rb4 a5 46. Rxb6 Rxa4 47. Rxb7+ Kg6 48. Rc7 Rc4 49. Rd7 a4 50. Rd3 c5 51. Ra3 h5+ 52. Kh4 Kh6 53. Rd3 g5+ 54. Kh3 Rd4 55. Rc3 gxf4 56. gxf4 c4 57. Kg3 Rd3+ 58. Rxd3 cxd3 59. Kf3 a3 60. Ke3 a2 61. Kxd3 a1=Q 62. Ke4 Qa5 63. Kf3 h4 64. Kg4 Kg6 65. Kxh4 Qc3 66. Kg4 f5+ 67. Kh4 Kf6 68. Kh5 Qh3# 0-1

[Event "FRA-ch Youth U14W 2019"]
[Site "Hyeres"]
[Date "2019.04.14"]
[Round "1.3"]
[White "Cornileau, Juliette"]
[Black "Degree, Ombeline"]
[Result "1-0"]
[ECO "C47"]
[WhiteElo "1705"]
[BlackElo "1251"]
[Annotator "NA"]
[PlyCount "183"]
[EventDate "2019.04.14"]
[EventType "swiss"]
[EventCountry "FRA"]
[SourceTitle "playchess.com"]
[Source "ChessBase"]
[SourceQuality "1"]
[TimeControl "5400+30"]

1. e4 e5 2. Nf3 Nc6 3. Nc3 Nf6 4. d4 exd4 5. Nxd4 Bb4 6. Nxc6 bxc6 7. Bd3 d6 8. Bg5 Be6 9. O-O h6 10. Bh4 g5 11. Bg3 h5 12. f4 h4 13. Be1 g4 14. Qe2 g3 15. h3 Bc5+ 16. Kh1 Rg8 17. f5 Bd7 18. Bd2 Qe7 19. Qf3 Rb8 20. b3 Bd4 21. Rae1 Be5 22. Qe3 c5 23. Qh6 Kd8 24. Ne2 Ne8 25. Bc3 Bxc3 26. Nxc3 Qf6 27. Qd2 c6 28. Bc4 Nc7 29. Rd1 Ke7 30. Rfe1 Qe5 31. Qh6 Rh8 32. Qg5+ Kf8 33. Nb1 Ne6 34. Qd2 Nd4 35. c3 Nb5 36. a4 Nc7 37. Qxd6+ Qxd6 38. Rxd6 Ke7 39. Red1 Rbd8 40. f6+ Ke8 41. Bxf7+ Kxf7 42. Rxd7+ Rxd7 43. Rxd7+ Kxf6 44. Nd2 Ne6 45. Nf3 a5 46. Kg1 Nf4 47. e5+ Ke6 48. Rd6+ Ke7 49. Kf1 Rb8 50. Nd2 Rf8 51. Rf6 Rxf6 52. exf6+ Kxf6 53. Ne4+ Ke5 54. Nxc5 Nd5 55. c4 Ne3+ 56. Kg1 Kd4 57. Nb7 Kc3 58. Nxa5 Kb4 59. Nxc6+ Kxb3 60. a5 Nxc4 61. a6 Nb6 62. a7 Na8 63. Kf1 Kc4 64. Ne5+ Kb5 65. Ng6 Ka6 66. Nxh4 Kxa7 67. Nf5 Kb7 68. Nxg3 Kc7 69. Nf5 Kd7 70. h4 Ke6 71. g4 Kf6 72. Kg2 Nc7 73. Kf3 Ne6 74. Ne3 Ng7 75. Ke4 Kg6 76. Ke5 Ne8 77. Nd5 Ng7 78. Ne7+ Kh7 79. g5 Nh5 80. Nf5 Kg6 81. Ne7+ Kg7 82. Nd5 Kf7 83. Nf4 Ng7 84. h5 Ne8 85. h6 Kg8 86. Nh5 Kh8 87. Nf6 Nc7 88. g6 Ne6 89. Ne8 Ng5 90. g7+ Kh7 91. Nf6+ Kxh6 92. g8=Q 1-0

[Event "FRA-ch Youth U14W 2019"]
[Site "Hyeres"]
[Date "2019.04.14"]
[Round "1.4"]
[White "Ateba, Melissandre"]
[Black "Bellahcene, Sofia"]
[Result "0-1"]
[ECO "B22"]
[WhiteElo "1231"]
[BlackElo "1673"]
[Annotator "NA"]
[PlyCount "106"]
[EventDate "2019.04.14"]
[EventType "swiss"]
[EventCountry "FRA"]
[SourceTitle "playchess.com"]
[Source "ChessBase"]
[SourceQuality "1"]
[TimeControl "5400+30"]

1. e4 c5 2. c3 d5 3. exd5 Qxd5 4. d4 Nf6 5. Nf3 Nc6 6. Be3 cxd4 7. cxd4 e6 8. Be2 Be7 9. O-O a6 10. Nc3 Qd6 11. Rc1 O-O 12. Qb3 Rd8 13. Rfd1 b5 14. Qc2 Bb7 15. a3 Rac8 16. b4 Bf8 17. Qb3 Ne7 18. a4 bxa4 19. Nxa4 Bd5 20. Qb2 Rb8 21. Bd2 Ne4 22. Be1 Nc6 23. b5 axb5 24. Bxb5 Na7 25. Nc3 Nxc3 26. Qxc3 Nxb5 27. Qd3 Na3 28. Ba5 Rb3 29. Rc3 Rxc3 30. Qxc3 Rb8 31. Bc7 Nb5 32. Bxd6 Nxc3 33. Bxb8 Nxd1 34. Nd2 Bb4 35. Nf1 Be1 36. Bg3 Bc3 37. Be5 f6 38. Bf4 Bxd4 39. Bg3 g5 40. h4 g4 41. Nh2 f5 42. Kf1 e5 43. f3 f4 44. Be1 Ne3+ 45. Ke2 g3 46. Ng4 Nxg4 47. fxg4 Bxg2 48. g5 Kg7 49. h5 h6 50. g6 e4 51. Bd2 Bf3+ 52. Kf1 g2+ 53. Ke1 g1=Q# 0-1

[Event "FRA-ch Youth U14W 2019"]
[Site "Hyeres"]
[Date "2019.04.15"]
[Round "2.1"]
[White "Demais, Eilean"]
[Black "Sumarriva Paulin, Laura"]
[Result "0-1"]
[ECO "C02"]
[WhiteElo "1409"]
[BlackElo "1922"]
[Annotator "NA RC"]
[PlyCount "118"]
[EventDate "2019.04.14"]
[EventType "swiss"]
[EventCountry "FRA"]
[SourceTitle "playchess.com"]
[Source "ChessBase"]
[SourceQuality "1"]
[TimeControl "5400+30"]

1. e4 e6 2. d4 d5 3. e5 c5 4. c3 Bd7 5. Bd3 Nc6 6. Nf3 cxd4 7. cxd4 Qb6 8. Bc2 Nb4 9. Ba4 {[%emt 0:06:26] C02: French: Advance Variation} (9. Nc3 $11 {keeps the balance.}) (9. O-O Nxc2 10. Qxc2 Ne7 11. Nc3 Rc8 12. Qd3 Nc6 13. Rd1 Be7 14. Bg5 h6 15. Bxe7 Nxe7 16. b3 O-O 17. Rac1 Rc7 18. Rc2 {½-½ (43) Bailet,P (2511)-Valuet,B (2277) Cappelle-la-Grande 2018}) 9... Bxa4 ({Black should try} 9... Qa6 $17 10. Bc2 Rc8) 10. Qxa4+ Nc6 11. a3 $146 ({Predecessor:} 11. O-O Qb4 12. Qxb4 Bxb4 13. Bd2 Nge7 14. Bxb4 Nxb4 15. Nc3 Nf5 16. Nb5 Kd7 {1-0 (60) Lewis,T (1570)-Langham,R (1787) Sunningdale 2014}) 11... Nge7 12. Nc3 Nf5 13. Ne2 Be7 14. Rb1 O-O 15. O-O Rac8 16. Bf4 {[%emt 0:04:16] [#]} ({Better is} 16. Kh1 $15) 16... Ncxd4 $1 17. Nfxd4 Rc4 18. Qd1 (18. Qb5 $17 Nxd4 19. Nxd4 Qxb5 20. Nxb5 Rxf4 21. Nxa7) 18... Nxd4 19. Nxd4 Rxd4 ({Resist} 19... Qxd4 20. Qxd4 Rxd4 21. Be3 $15) 20. Qf3 Rc4 21. Qg3 Rfc8 22. h4 Qd4 23. b3 Rc3 24. Qh2 Qd3 25. g3 Rxb3 26. Rxb3 Qxb3 27. Qh3 Qf3 28. h5 Rc2 29. Be3 Bc5 30. Bxc5 Rxc5 31. h6 Qf5 32. Qh4 (32. Qxf5 {is the only way for White.} exf5 33. hxg7) 32... g5 33. Qa4 Rc8 34. Qd7 Rf8 35. Qxb7 Qxe5 36. Qxa7 Qf6 37. a4 Qxh6 38. Rb1 Qf6 39. a5 Qd8 40. Rb7 Qa8 41. Rxf7 Qxa7 42. Rxa7 Rb8 43. a6 Rb1+ 44. Kg2 Ra1 45. Kf3 h5 46. Ra8+ Kg7 47. a7 Ra3+ 48. Kg2 d4 49. Re8 Rxa7 50. Rxe6 Rd7 51. Kf3 $2 (51. Kf1 $15) 51... d3 52. Re1 d2 53. Rd1 Kf6 54. Ke2 {[%emt 0:00:01] [#]} h4 $1 55. gxh4 gxh4 56. f3 Kf5 57. f4 h3 58. Kf3 h2 59. Ke2 Rd8 0-1

[Event "FRA-ch Youth U14W 2019"]
[Site "Hyeres"]
[Date "2019.04.15"]
[Round "2.2"]
[White "Nguyen, Thao Nhi"]
[Black "Courjal, Juliette"]
[Result "1-0"]
[ECO "C47"]
[WhiteElo "1803"]
[BlackElo "1405"]
[Annotator "NA RC"]
[PlyCount "65"]
[EventDate "2019.04.14"]
[EventType "swiss"]
[EventCountry "FRA"]
[SourceTitle "playchess.com"]
[Source "ChessBase"]
[SourceQuality "1"]
[TimeControl "5400+30"]

1. e4 e5 2. Nf3 Nc6 3. Nc3 Nf6 4. d4 exd4 5. Nxd4 Bb4 6. Nxc6 bxc6 7. Bd3 O-O 8. O-O Re8 9. Qf3 d5 10. exd5 cxd5 11. h3 c6 12. Bg5 h6 13. Bh4 Rb8 14. Ne2 Bd6 15. Nd4 Rb6 16. Rae1 Be5 17. Nf5 Bxf5 (17... c5 $11 {keeps the balance.}) 18. Qxf5 $16 Qe7 19. Bg3 c5 20. Rxe5 Qd8 21. Rfe1 g6 22. Rxe8+ Nxe8 23. Qf4 h5 24. Qa4 Re6 25. Rxe6 fxe6 26. Bxg6 Ng7 27. Qxa7 c4 28. Qf7+ Kh8 29. Be5 Qg8 30. Qf6 c3 31. Bd3 Qh7 32. Qf8+ Qg8 33. Bxg7# 1-0

[Event "FRA-ch Youth U14W 2019"]
[Site "Hyeres"]
[Date "2019.04.15"]
[Round "2.3"]
[White "Stephan, Margaux"]
[Black "Cornileau, Juliette"]
[Result "0-1"]
[ECO "D37"]
[WhiteElo "1379"]
[BlackElo "1705"]
[Annotator "NA RC"]
[PlyCount "51"]
[EventDate "2019.04.14"]
[EventType "swiss"]
[EventCountry "FRA"]
[SourceTitle "playchess.com"]
[Source "ChessBase"]
[SourceQuality "1"]
[TimeControl "5400+30"]

1. d4 d5 2. c4 c6 3. Nf3 e6 4. Nc3 Nd7 5. Bf4 Ngf6 6. e3 Be7 7. Qc2 O-O 8. Be2 dxc4 9. Bxc4 b5 10. Bd3 Bb7 11. O-O a6 12. Ne2 Rc8 13. Qd1 Qb6 14. Rc1 Rfd8 15. Bg3 c5 16. Nd2 Nh5 17. Bb1 Nxg3 18. hxg3 Bf6 19. dxc5 Nxc5 20. Rc2 Be4 21. Rxc5 Rxc5 22. Bxe4 Qd6 23. b4 Rcc8 24. Bb7 Rb8 25. Bf3 Qxd2 26. Qb1 0-1

[Event "FRA-ch Youth U14W 2019"]
[Site "Hyeres"]
[Date "2019.04.15"]
[Round "2.4"]
[White "Bellahcene, Sofia"]
[Black "Boero, Angele"]
[Result "1/2-1/2"]
[ECO "B01"]
[WhiteElo "1673"]
[BlackElo "1399"]
[Annotator "NA RC"]
[PlyCount "84"]
[EventDate "2019.04.14"]
[EventType "swiss"]
[EventCountry "FRA"]
[SourceTitle "playchess.com"]
[Source "ChessBase"]
[SourceQuality "1"]
[TimeControl "5400+30"]

1. e4 d5 2. exd5 Nf6 3. Bb5+ Bd7 4. Be2 Nxd5 5. Nf3 Nc6 6. O-O Bg4 7. d4 e6 8. a3 Be7 9. h3 Bh5 10. Bb5 Qd6 11. c4 Nf6 12. g4 Bg6 13. c5 Qd8 14. Ne5 Be4 15. Nc3 Bd5 16. Nxd5 Qxd5 17. Qa4 O-O 18. Nxc6 bxc6 19. Bxc6 Qd8 20. Bxa8 Qxa8 21. f3 Rd8 22. Bd2 Bxc5 23. dxc5 Rxd2 24. Rad1 Rxb2 25. Qxa7 Qc8 26. Rb1 Rxb1 27. Rxb1 Qd7 28. Rb8+ Ne8 29. Rxe8+ Qxe8 30. Qxc7 h6 31. c6 Qa8 32. h4 Qxa3 33. Qb8+ Kh7 34. c7 Qe3+ 35. Kg2 Qe2+ 36. Kg3 Qe1+ 37. Kh3 Qh1+ 38. Kg3 Qe1+ 39. Kg2 Qe2+ 40. Kg1 Qe1+ 41. Kh2 Qf2+ 42. Kh1 Qf1+ 1/2-1/2

[Event "FRA-ch Youth U14W 2019"]
[Site "Hyeres"]
[Date "2019.04.15"]
[Round "3.1"]
[White "Sumarriva Paulin, Laura"]
[Black "Lordier, Sophia"]
[Result "1/2-1/2"]
[ECO "D55"]
[WhiteElo "1922"]
[BlackElo "1553"]
[Annotator "NA"]
[PlyCount "110"]
[EventDate "2019.04.14"]
[EventType "swiss"]
[EventCountry "FRA"]
[SourceTitle "playchess.com"]
[Source "ChessBase"]
[SourceQuality "1"]
[TimeControl "5400+30"]

1. d4 d5 2. c4 e6 3. Nc3 Nf6 4. cxd5 exd5 5. Bg5 Be7 6. e3 O-O 7. Bd3 Nbd7 8. Nf3 b6 9. O-O Bb7 10. Rc1 a6 11. Qc2 c5 12. Bf5 h6 13. Bh4 Re8 $14 14. Na4 cxd4 15. Nxd4 Rc8 16. Qb3 b5 17. Bxf6 Rxc1 18. Rxc1 Nxf6 19. Nc5 Bxc5 20. Rxc5 g6 21. Bh3 Ne4 22. Rc1 Ng5 23. Bg4 h5 24. Bf3 Nxf3+ 25. Nxf3 Qb6 26. h3 Re7 27. Qc3 Re8 28. Qd2 Qf6 29. Rc7 Re7 30. Rc5 Qf5 31. Qc1 Qd7 32. Nd4 Qd6 33. b4 Qb6 34. a3 Rd7 35. Qc3 Re7 36. Nc6 Bxc6 37. Rxc6 d4 38. exd4 Qa7 39. d5 Re8 40. Rc8 Qd7 41. Rxe8+ Qxe8 42. d6 Qe6 43. Qc7 Qe1+ 44. Kh2 Qe5+ 45. g3 Qf5 46. Qc5 Qd3 47. Qc8+ Kg7 48. d7 Qd2 49. Kg1 Qd1+ 50. Kh2 Qd2 51. Kg2 Qd5+ 52. Kf1 Qd1+ 53. Kg2 Qd5+ 54. Kh2 Qd2 55. Kg1 Qd1+ 1/2-1/2

[Event "FRA-ch Youth U14W 2019"]
[Site "Hyeres"]
[Date "2019.04.15"]
[Round "3.2"]
[White "Englisch, Caroline"]
[Black "Nguyen, Thao Nhi"]
[Result "0-1"]
[ECO "E17"]
[WhiteElo "1535"]
[BlackElo "1803"]
[Annotator "NA RC"]
[PlyCount "26"]
[EventDate "2019.04.14"]
[EventType "swiss"]
[EventCountry "FRA"]
[SourceTitle "playchess.com"]
[Source "ChessBase"]
[SourceQuality "1"]
[TimeControl "5400+30"]

1. d4 Nf6 2. Nf3 c5 3. g3 b6 4. Bg2 Bb7 5. O-O e6 6. c4 cxd4 7. Nxd4 Bxg2 8. Kxg2 Be7 9. Nc3 O-O 10. Qc2 Qc8 11. b3 Nc6 12. Ncb5 a6 13. Nxc6 Qxc6+ 0-1

[Event "FRA-ch Youth U14W 2019"]
[Site "Hyeres"]
[Date "2019.04.15"]
[Round "3.3"]
[White "Cornileau, Juliette"]
[Black "Diez, Agathe"]
[Result "1-0"]
[ECO "C47"]
[WhiteElo "1705"]
[BlackElo "1516"]
[Annotator "NA"]
[PlyCount "71"]
[EventDate "2019.04.14"]
[EventType "swiss"]
[EventCountry "FRA"]
[SourceTitle "playchess.com"]
[Source "ChessBase"]
[SourceQuality "1"]
[TimeControl "5400+30"]

1. e4 e5 2. Nf3 Nc6 3. Nc3 Nf6 4. d4 exd4 5. Nxd4 Bb4 6. Nxc6 bxc6 7. Bd3 d5 8. exd5 cxd5 9. O-O O-O 10. Bg5 c6 11. h3 Be6 12. Qf3 Be7 13. Rad1 h6 14. Bf4 Bd6 15. Ne2 c5 16. Bxd6 Qxd6 17. Nf4 Bd7 18. c3 Bc6 19. Qg3 Rad8 20. Rfe1 Ba8 21. Bb1 Qb6 22. b3 Rfe8 23. Qd3 Ne4 24. c4 d4 25. f3 Nf6 26. Qf5 g6 27. Qd3 Kg7 28. Kf2 Qb4 29. Rc1 g5 30. Nh5+ Kf8 31. Nxf6 Re3 32. Rxe3 dxe3+ 33. Qxe3 Rd2+ 34. Kf1 Kg7 35. Nh5+ Kf8 36. Re1 1-0

[Event "FRA-ch Youth U14W 2019"]
[Site "Hyeres"]
[Date "2019.04.15"]
[Round "3.4"]
[White "Marcellier, Lucie"]
[Black "Milojevic-Daim, Lola-Shaina"]
[Result "0-1"]
[ECO "A48"]
[WhiteElo "1646"]
[BlackElo "1486"]
[Annotator "NA"]
[PlyCount "58"]
[EventDate "2019.04.14"]
[EventType "swiss"]
[EventCountry "FRA"]
[SourceTitle "playchess.com"]
[Source "ChessBase"]
[SourceQuality "1"]
[TimeControl "5400+30"]

1. d4 Nf6 2. Nf3 g6 3. Bf4 Bg7 4. e3 d6 5. h3 O-O 6. Be2 Nc6 7. O-O Nd7 8. c4 e5 9. Bh2 f5 10. Nc3 h6 11. d5 Ne7 12. Rc1 Nf6 13. Qb3 g5 14. c5 Ng6 15. cxd6 cxd6 16. Nd2 g4 17. Nb5 Rf7 18. Nc4 Bf8 19. Rfd1 gxh3 20. gxh3 Ne4 21. Bg3 f4 22. exf4 exf4 23. Bh2 Qg5+ 24. Kf1 Nh4 25. Bf3 Ng3+ 26. Ke1 Re7+ 27. Kd2 Nxf3+ 28. Qxf3 Re2+ 29. Kc3 Ne4+ 0-1

[Event "FRA-ch Youth U14W 2019"]
[Site "Hyeres"]
[Date "2019.04.16"]
[Round "4.4"]
[White "Milojevic-Daim, Lola-Shaina"]
[Black "Sumarriva Paulin, Laura"]
[Result "1-0"]
[ECO "C00"]
[WhiteElo "1486"]
[BlackElo "1922"]
[Annotator "NA"]
[PlyCount "67"]
[EventDate "2019.04.14"]
[EventType "swiss"]
[EventCountry "FRA"]
[SourceTitle "playchess.com"]
[Source "ChessBase"]
[SourceQuality "1"]
[TimeControl "5400+30"]

1. e4 e6 2. d3 d5 3. Nd2 Nf6 4. g3 c5 5. Bg2 Nc6 6. Nh3 Be7 7. O-O O-O 8. f4 b5 9. e5 Nd7 10. c3 b4 11. Nf3 Nb6 12. Nf2 Rb8 13. g4 a5 14. Bh3 bxc3 15. bxc3 f6 16. exf6 Bxf6 17. Bd2 Qd6 18. g5 Bd8 19. Ng4 Nd7 20. Qe2 Bc7 21. Rab1 e5 22. Rxb8 Bxb8 23. Ngxe5 Ndxe5 24. fxe5 Nxe5 25. Bxc8 Nxf3+ 26. Rxf3 Qxh2+ 27. Qxh2 Bxh2+ 28. Kg2 Rxf3 29. Kxf3 Kf7 30. Kg4 Bc7 31. a4 g6 32. c4 d4 33. Kf3 Ke7 34. Ke4 1-0

[Event "FRA-ch Youth U14W 2019"]
[Site "Hyeres"]
[Date "2019.04.17"]
[Round "5.1"]
[White "Milojevic-Daim, Lola-Shaina"]
[Black "Nguyen, Thao Nhi"]
[Result "0-1"]
[ECO "B03"]
[WhiteElo "1486"]
[BlackElo "1803"]
[Annotator "NA RC"]
[PlyCount "86"]
[EventDate "2019.04.14"]
[EventType "swiss"]
[EventCountry "FRA"]
[SourceTitle "playchess.com"]
[Source "ChessBase"]
[SourceQuality "1"]
[TimeControl "5400+30"]

1. e4 Nf6 2. e5 Nd5 3. d4 d6 4. c4 Nb6 5. exd6 exd6 6. Bd3 Nc6 7. Ne2 Be7 8. Nbc3 O-O 9. b3 Bf6 10. O-O Bg4 11. f3 Bh5 12. Bb2 d5 13. c5 Nc8 14. Bb1 N8e7 15. Kh1 Bg6 16. Bxg6 hxg6 17. g4 g5 18. Qd2 Ng6 19. Nd1 Re8 20. Nf2 Re6 21. Rae1 Qe7 22. Ng3 Nh4 23. Nf5 Nxf5 24. gxf5 Rxe1 25. Rxe1 Qd7 26. Qd3 b6 27. Ng4 Be7 28. Ne3 Re8 29. cxb6 axb6 30. Qb5 Bf6 31. Bc3 Rd8 32. Qd3 Qd6 33. Ng4 Be7 34. Ne5 Bf8 35. Bd2 Nb4 36. Qb5 Nc2 37. Nc6 Nxe1 38. Nxd8 Nxf3 39. Qe2 Nxd2 40. Nxf7 Kxf7 41. Qxd2 Qf4 42. Qxf4 gxf4 43. Kg2 Kf6 0-1

[Event "FRA-ch Youth U14W 2019"]
[Site "Hyeres"]
[Date "2019.04.17"]
[Round "5.2"]
[White "Cornileau, Juliette"]
[Black "Kuhn, Mathilde"]
[Result "1-0"]
[ECO "A48"]
[WhiteElo "1705"]
[BlackElo "1608"]
[Annotator "NA RC"]
[PlyCount "137"]
[EventDate "2019.04.14"]
[EventType "swiss"]
[EventCountry "FRA"]
[SourceTitle "playchess.com"]
[Source "ChessBase"]
[SourceQuality "1"]
[TimeControl "5400+30"]

1. d4 Nf6 2. Nf3 g6 3. Bg5 Bg7 4. e3 d6 5. Be2 O-O 6. Nbd2 Nbd7 7. O-O b6 8. c3 Bb7 9. Bd3 h6 10. Bh4 e5 11. e4 Qe8 12. Re1 Nh5 13. Qc2 Nf4 14. Bc4 g5 15. Bg3 Qe7 16. Nf1 Nf6 17. Bxf4 gxf4 18. dxe5 dxe5 19. N1d2 Nd7 20. Rad1 Rad8 21. b4 a6 22. g3 fxg3 23. hxg3 c5 24. a3 b5 25. Bf1 Rc8 26. Qb3 c4 27. Qc2 a5 28. Nh4 axb4 29. axb4 Nf6 30. Nf5 Qc7 31. Bg2 Rcd8 32. Nf1 Rxd1 33. Rxd1 Rd8 34. f3 Qb6+ 35. Kh2 Rxd1 36. Qxd1 Bf8 37. N1e3 Bc8 38. Qd2 Bxf5 39. Nxf5 Kh7 40. Bh3 Qc7 41. Bg2 Qd7 42. Qa2 Qd3 43. Qa7 Qd7 44. Qb8 Qe8 45. Qb6 Bg7 46. Bh3 Qd7 47. Qf2 Qd3 48. Bg2 Qxc3 49. Qa7 Kg8 50. Qb8+ Kh7 51. Qxb5 Qd3 52. Qb7 Qd7 53. Qxd7 Nxd7 54. Bf1 c3 55. Bd3 Bf8 56. b5 Nc5 57. Bc2 Nd7 58. Ne3 Bc5 59. Nd5 Bd4 60. f4 exf4 61. gxf4 f6 62. e5+ Kg7 63. e6 Nb6 64. e7 Kf7 65. Bg6+ Kxg6 66. e8=Q+ Kf5 67. Nxb6 Bxb6 68. Qd7+ Kg6 69. Qd3+ 1-0

[Event "FRA-ch Youth U14W 2019"]
[Site "Hyeres"]
[Date "2019.04.17"]
[Round "5.3"]
[White "Gattegno-Graciet, Maylis"]
[Black "Favarel-Lubeigt, Helina"]
[Result "0-1"]
[ECO "D93"]
[WhiteElo "1565"]
[BlackElo "1573"]
[Annotator "NA RC"]
[PlyCount "140"]
[EventDate "2019.04.14"]
[EventType "swiss"]
[EventCountry "FRA"]
[SourceTitle "playchess.com"]
[Source "ChessBase"]
[SourceQuality "1"]
[TimeControl "5400+30"]

1. d4 Nf6 2. Bf4 g6 3. e3 Bg7 4. Nf3 O-O 5. c4 d5 6. Nc3 c5 7. Be2 Nc6 8. Ne5 Qb6 9. Nxc6 bxc6 10. Qd2 cxd4 11. exd4 dxc4 12. Bxc4 Rd8 13. Be5 Qb7 14. O-O Bf5 15. Rac1 c5 16. d5 Qb4 17. Qe2 Bg4 18. f3 Bd7 19. b3 Qb6 20. Rfd1 Bh6 21. Ra1 Be8 22. d6 Bf8 23. dxe7 Bxe7 24. Bg3 Bf8 25. Rxd8 Rxd8 26. Rd1 Bg7 27. Be5 Bc6 28. Rxd8+ Qxd8 29. Qd3 Qe7 30. Qe2 Qd7 31. Kf1 Kf8 32. Qd3 Qxd3+ 33. Bxd3 Ke7 34. Bc4 Bh6 35. Ke2 Nd7 36. Bg3 Bg7 37. Nb5 Bxb5 38. Bxb5 Bd4 39. Bf2 Bxf2 40. Kxf2 Nb6 41. Ke3 Kd6 42. Kd3 f6 43. a3 h6 44. f4 g5 45. fxg5 hxg5 46. g4 Ke5 47. h3 Kf4 48. Kd2 Kg3 49. Bd3 Nd5 50. Bf5 Kxh3 51. Kd3 Kg3 52. Bd7 Kf4 53. Bc8 Ne3 54. Kc3 f5 55. gxf5 Nxf5 56. Bxf5 Kxf5 57. Kc4 Ke4 58. Kxc5 g4 59. Kb5 g3 60. b4 g2 61. a4 g1=Q 62. a5 Qf1+ 63. Kc5 a6 64. Kb6 Qb5+ 65. Ka7 Qc6 66. Kb8 Kd5 67. Ka7 Kd6 68. Kb8 Kd7 69. Ka7 Kc7 70. b5 Qb7# 0-1

[Event "FRA-ch Youth U14W 2019"]
[Site "Hyeres"]
[Date "2019.04.17"]
[Round "5.4"]
[White "Lesage, Margot"]
[Black "Chenevat, Montaine"]
[Result "1-0"]
[ECO "B34"]
[WhiteElo "1492"]
[BlackElo "1430"]
[Annotator "NA RC"]
[PlyCount "68"]
[EventDate "2019.04.14"]
[EventType "swiss"]
[EventCountry "FRA"]
[SourceTitle "playchess.com"]
[Source "ChessBase"]
[SourceQuality "1"]
[TimeControl "5400+30"]

1. e4 c5 2. Nf3 Nc6 3. d4 cxd4 4. Nxd4 g6 5. Nc3 Bg7 6. Be3 Nf6 7. f3 O-O 8. Qd2 d5 9. O-O-O e6 10. Bb5 Bd7 11. Bxc6 Bxc6 12. e5 Nd7 13. f4 Nb6 14. b3 Qe7 15. Kb2 Nd7 16. h4 a5 17. a4 Rfc8 18. h5 Qb4 19. hxg6 fxg6 20. Nxe6 b5 21. Ng5 bxa4 22. Nxa4 Qxd2 23. Rxd2 Bxa4 24. bxa4 Rab8+ 25. Kc1 Rb3 26. Rxd5 Rxe3 27. Rxd7 Rec3 28. Rxh7 Rxc2+ 29. Kd1 Rc1+ 30. Ke2 Bh8 31. Rh6 R1c2+ 32. Kf1 Ra2 33. Rxg6+ Kf8 34. Rf7+ Ke8 1-0

[Event "FRA-ch Youth U14W 2019"]
[Site "Hyeres"]
[Date "2019.04.18"]
[Round "6.1"]
[White "Nguyen, Thao Nhi"]
[Black "Lesage, Margot"]
[Result "1/2-1/2"]
[ECO "B30"]
[WhiteElo "1803"]
[BlackElo "1492"]
[Annotator "NA"]
[PlyCount "114"]
[EventDate "2019.04.14"]
[EventType "swiss"]
[EventCountry "FRA"]
[SourceTitle "playchess.com"]
[Source "ChessBase"]
[SourceQuality "1"]
[TimeControl "5400+30"]

1. e4 c5 2. Nc3 Nc6 3. Bb5 Nd4 4. Bc4 e6 5. Nf3 Nf6 6. d3 a6 7. Nxd4 cxd4 8. Ne2 b5 9. Bb3 Bc5 10. O-O O-O 11. Bg5 e5 12. f4 Bd6 13. Kh1 h6 14. Bh4 exf4 15. Nxd4 Be5 16. Bf2 d5 17. Nc6 Qd6 18. Nxe5 Qxe5 19. exd5 Nxd5 20. Qf3 Be6 21. Rae1 Qd6 22. Bd4 Rfe8 23. Be5 Qc5 24. Qe4 Rad8 25. Bd4 Qc8 26. Qe5 f6 27. Qh5 Qd7 28. c3 Bf7 29. Qf3 Ne3 30. Bxe3 fxe3 31. Bxf7+ Kxf7 32. d4 Qe6 33. a3 Rd7 34. Re2 Rde7 35. Rfe1 Qe4 36. Qh5+ Kg8 37. Qc5 f5 38. Rf1 Qd3 39. Qd5+ Kh8 40. Qf3 f4 41. Rfe1 Qe4 42. Rf1 Qxf3 43. Rxf3 g5 44. g3 Rf8 45. Kg2 Kg7 46. gxf4 gxf4 47. Rh3 Kg6 48. Kf3 h5 49. Rg2+ Kh6 50. Rh4 Rf5 51. Re2 Kg5 52. Rh3 Kh6 53. Re1 Re8 54. Re2 Re7 55. Re1 Re8 56. Re2 Re7 57. Re1 Re8 1/2-1/2

[Event "FRA-ch Youth U14W 2019"]
[Site "Hyeres"]
[Date "2019.04.18"]
[Round "6.2"]
[White "Favarel-Lubeigt, Helina"]
[Black "Cornileau, Juliette"]
[Result "0-1"]
[ECO "B30"]
[WhiteElo "1573"]
[BlackElo "1705"]
[Annotator "NA"]
[PlyCount "94"]
[EventDate "2019.04.14"]
[EventType "swiss"]
[EventCountry "FRA"]
[SourceTitle "playchess.com"]
[Source "ChessBase"]
[SourceQuality "1"]
[TimeControl "5400+30"]

1. e4 c5 2. Nc3 Nc6 3. Bb5 Nd4 4. Bc4 e6 5. Nf3 Nf6 6. d3 Be7 7. Nxd4 cxd4 8. Ne2 Qb6 9. O-O O-O 10. Kh1 Rd8 11. Bb3 d5 12. e5 Ng4 13. f4 Ne3 14. Bxe3 dxe3 15. d4 Qc6 16. Rf3 b5 17. Rh3 a5 18. a4 Ba6 19. Qd3 g6 20. Qxe3 Bf8 21. axb5 Bxb5 22. Nc3 a4 23. Ba2 Rdc8 24. Rb1 Rcb8 25. Qe1 Be7 26. Qd2 Bf8 27. f5 a3 28. fxg6 hxg6 29. bxa3 Rxa3 30. Bb3 Bc4 31. Qd1 Bxb3 32. cxb3 Qa6 33. Na4 Qb5 34. Nc3 Qb4 35. Kg1 Rc8 36. Ne2 Ra2 37. Rd3 Rcc2 38. Kf1 Rxe2 39. Qxe2 Rxe2 40. Kxe2 Qa5 41. Kf3 Qa2 42. Rbd1 Bb4 43. Kg3 Qc2 44. Kh3 Qe2 45. g3 Be1 46. b4 Bxb4 47. Kh4 Qh5# 0-1